 Dungeon Crawl Stone Soup version 0.20.1-1-g8b1a95d (webtiles) character file.

12275 WaffleInsanity the Basher (level 11, -2/118 HPs)
             Began as a Gargoyle Gladiator on July 20, 2017.
             Was a Believer of Qazlal.
             Slain by a sun demon (16 damage)
             ... summoned by an orc sorcerer
             ... on level 2 of the Orcish Mines on July 21, 2017.
             The game lasted 00:59:36 (11628 turns).

WaffleInsanity the Basher (Gargoyle Gladiator)     Turns: 11628, Time: 00:59:36

Health: -2/118     AC: 31    Str: 29    XL:     11   Next: 90%
Magic:  11/11      EV:  9    Int: 10    God:    Qazlal [**....]
Gold:   1013       SH: 11    Dex: 11    Spells: 10/10 levels left

rFire    . . .     SeeInvis .   x - +1 morningstar
rCold    . . .     Gourm    .   h - +0 buckler of Defence {Str+2 Int+2}
rNeg     + . .     Faith    .   X - +1 plate armour
rPois    ∞         Spirit   .   c - +1 helmet
rElec    +         Reflect  +   Z - +1 cloak
rCorr    +         Harm     .   G - +0 pair of gloves
MR       .....                  (no boots)
Stlth    ..........             b - +3 amulet of reflection
Regen    0.3/turn               L - ring of flight
MPRegen  0.2/turn               y - ring of resist corrosion

@: berserking, drained, very quick
A: thin metallic scales 1, negative energy resistance 1, robust 1, electricity
resistance, unbreathing, petrification resistance, rot immunity, AC +7
a: Upheaval, Renounce Religion, Evoke Flight


You were on level 2 of the Orcish Mines.
You worshipped Qazlal.
Qazlal was pleased with you.
You were very full.

You visited 3 branches of the dungeon, and saw 13 of its levels.
You also visited: Sewer and Ossuary.

You collected 1013 gold pieces.

Inventory:

Hand Weapons
 x - a +1 morningstar (weapon)
 F - a +6 antimagic spear
 M - a +2 spear of piercing
 Y - a +2 quarterstaff of chaos
Missiles
 d - 5 throwing nets (quivered)
Armour
 c - a +1 helmet (worn)
 h - the +0 buckler of Defence (worn) {Str+2 Int+2}
   (You found it on level 10 of the Dungeon)

   It affects your strength (+2).
   It affects your intelligence (+2).
 n - a +1 chain mail of magic resistance
 o - a +0 buckler
 G - a +0 pair of gloves (worn)
 H - a +0 chain mail
 X - a +1 plate armour (worn)
 Z - a +1 cloak (worn)
Jewellery
 b - a +3 amulet of reflection (around neck)
 k - an uncursed ring of wizardry
 y - a ring of resist corrosion (right hand)
 E - an uncursed amulet of magic regeneration
 L - a ring of flight (left hand)
Wands
 a - a wand of iceblast (8/15)
 B - a wand of iceblast (8/15)
 D - a wand of iceblast (4/15)
 J - a wand of flame (30/48)
 P - a wand of lightning (11/15)
 S - a wand of flame (25/48)
Scrolls
 e - a scroll of blinking
 i - 6 scrolls of remove curse
 p - 6 scrolls of amnesia
 r - 4 scrolls of fog
 s - 6 scrolls of teleportation
 u - 2 scrolls of identify
 v - 2 scrolls of immolation
 A - a scroll of fear
 U - a scroll of magic mapping
Potions
 f - 2 potions of invisibility
 g - 2 potions of resistance
 j - 2 potions of haste
 l - a potion of ambrosia {unknown}
 m - a potion of heal wounds {unknown}
 q - a potion of berserk rage
 w - 2 potions of degeneration
 z - 5 potions of curing
 I - 2 potions of mutation
 N - 2 potions of might
 Q - 2 potions of flight
 R - 2 potions of agility {unknown}
Books
 t - a book of Changes

   Spells                             Type                      Level
   a - Beastly Appendage              Transmutation                1
   b - Sticks to Snakes               Transmutation                2
   c - Spider Form                    Transmutation/Poison         3
   d - Ice Form                       Ice/Transmutation            4
   e - Blade Hands                    Transmutation                5
 O - a book of Misfortune

   Spells                             Type                      Level
   a - Confusing Touch                Hexes                        1
   b - Confuse                        Hexes                        3
   c - Gell's Gravitas                Translocation                3
   d - Petrify                        Transmutation/Earth          4
   e - Metabolic Englaciation         Hexes/Ice                    5
   f - Yara's Violent Unravelling     Hexes/Transmutation          5
Comestibles
 C - 8 bread rations
 K - 2 royal jellies
 V - 2 meat rations


   Skills:
 * Level 9.9(9.8) Fighting
 + Level 11.8(11.7) Maces & Flails
 - Level 1.7(1.6) Throwing
 * Level 10.7(10.6) Armour
 + Level 4.2(4.0) Dodging
 + Level 1.0(0.9) Stealth
 + Level 4.5(4.4) Shields


You had 10 spell levels left.
You didn't know any spells.

Dungeon Overview and Level Annotations

Branches:
Dungeon (10/15)            Temple (1/1) D:6            Lair (0/6) D:8
    Orc (2/2) D:10            Elf (0/3) Orc:2

Altars:
Ashenzari
Cheibriados
Dithmenos
Elyvilon
Fedhas
Gozag
Hepliaklqana
Kikubaaqudgha
Makhleb
Nemelex Xobeh
Okawaru
Qazlal
Ru
Sif Muna
Trog
Uskayaw
Vehumet
Xom
Yredelemnul
Zin
The Shining One
Beogh

Shops:
D:10 [(   Orc:2 (


Innate Abilities, Weirdness & Mutations

You are resistant to torment.
Your stone body is resilient. (AC +7)
You are immune to poison.
You resist negative energy. (rN+)
You are resistant to electric shocks. (rElec)
You can survive without breathing.
You are immune to petrification.
You are immune to rotting.
You are partially covered in thin metallic scales. (AC +2)
You are robust. (+10% HP)


Message History

The orc sorcerer is engulfed in blazing flames.
The orc sorcerer hits you but does no damage.
You closely miss the orc sorcerer.
The orc sorcerer is almost dead.
The sixfirhy hits you but does no damage.
You block the sixfirhy's attack.
You hit the orc sorcerer.
You kill the orc sorcerer!
Qazlal accepts your kill.
The ice devil disappears in a puff of smoke!
The sixfirhy hits you but does no damage.
The sixfirhy barely misses you.
The orc wizard gestures at you while chanting.
You easily resist.
You puncture the sun demon!
The sun demon is moderately wounded.
The sun demon hits you!
* * * LOW HITPOINT WARNING * * *
You are engulfed in flames!
You die...

.............................#...
.......................#......#.#
...................∩..##......###
##......#...........o...........#
....................o............
.#.....#..........o....<..#.....#
...............................##
....#......#..o33o.............##
.......@§...#........##
..#....§..............#
#.............................##
.#.....#.#.#..................#
..........##.................##≈≈
..........#...#.............≈≈≈≈≈
#..........#.#.............§≈§§≈#
#......#.....##..#.......#≈≈§§###
...............##....)....###≈#


You could see a sun demon, a sixfirhy, 2 orc sorcerers, 2 orc wizards and an
orc.

Vanquished Creatures
  Erolcha (D:9)
  3 two-headed ogres
  Pikel (D:6)
  2 orc sorcerers (Orc:2)
  An elephant (D:8)
  A centaur skeleton (D:10)
  2 trolls
  Grinder (D:3)
  A merfolk (D:9)
  2 hippogriffs (D:10)
  5 yaks
  A hungry ghost (D:7)
  Menkaure (D:7)
  A water moccasin (D:9)
  2 ice beasts
  Purgy (Sewer)
  3 sky beasts
  A black bear (D:9)
  10 orc warriors
  6 ogres
  2 phantoms
  The ghost of WaffleInsanity the Poker, an amateur MfSk (D:3)
  2 centaurs
  3 crocodiles
  3 bullfrogs
  Blork the orc (D:5)
  A big kobold (D:9)
  A gnoll sergeant (D:9)
  2 water moccasin zombies (Ossuary)
  4 scorpions
  4 killer bees (D:10)
  4 howler monkeys
  2 crimson imps
  2 bullfrog zombies
  3 centaur zombies (D:5)
  4 hounds
  3 jellies (D:5)
  18 orc wizards
  4 orc priests
  Crazy Yiuf (D:7)
  3 bullfrog skeletons
  Terence (D:2)
  2 iguanas
  Ijyb (D:3)
  3 worker ants
  A big kobold zombie (Ossuary)
  2 hound zombies (D:5)
  2 mummies (Ossuary)
  A howler monkey zombie (D:5)
  15 gnolls
  2 worker ant zombies
  7 adders
  A shadow imp (D:5)
  3 oozes
  3 adder zombies
  An adder skeleton (D:5)
  3 worms (D:2)
  2 dart slugs
  3 leopard geckos
  40 orcs
  11 giant cockroaches
  A gnoll zombie (Ossuary)
  7 goblins
  6 hobgoblins
  14 jackals
  9 kobolds
  5 quokkas
  8 bats
  A frilled lizard (D:2)
  2 giant cockroach zombies (D:5)
  6 hobgoblin zombies (Ossuary)
  2 jackal skeletons (D:5)
  A jackal zombie (D:5)
  5 kobold zombies (Ossuary)
  2 leopard gecko zombies
  3 orc zombies (Ossuary)
  A quokka skeleton (D:5)
  3 quokka zombies (D:5)
  4 rats
298 creatures vanquished.

Vanquished Creatures (others)
  A slave (D:6)
  An orc priest (D:9)
  An orc wizard (Orc:2)
  A worker ant (D:6)
  A gnoll (D:5)
  A leopard gecko (D:6)
  An orc (D:9)
7 creatures vanquished.

Grand Total: 305 creatures vanquished

Notes
Turn   | Place    | Note
-------+----------+-------------------------------------------
     0 | D:1      | WaffleInsanity the Gargoyle Gladiator began the quest for the Orb.
     0 | D:1      | Reached XP level 1. HP: 12/12 MP: 1/1
   141 | D:1      | Reached XP level 2. HP: 17/18 MP: 2/2
   510 | D:2      | Reached XP level 3. HP: 12/22 MP: 3/3
   558 | D:2      | Reached skill level 1 in Armour
   646 | D:2      | Noticed Terence
   676 | D:2      | Killed Terence
   676 | D:2      | Reached XP level 4. HP: 12/27 MP: 4/4
  1104 | D:2      | Reached skill level 4 in Maces & Flails
  1495 | D:3      | Noticed Grinder
  1515 | D:3      | Paralysed by Grinder for 5 turns
  1532 | D:3      | HP: 1/28 [Grinder (4)]
  1541 | D:3      | Killed Grinder
  1541 | D:3      | Reached XP level 5. HP: 2/33 MP: 5/5
  1541 | D:3      | Reached XP level 6. HP: 2/38 MP: 6/6
  2056 | D:3      | Found a glowing drain.
  2095 | Sewer    | Entered a sewer
  2129 | Sewer    | Noticed Purgy
  2156 | Sewer    | Killed Purgy
  2156 | Sewer    | Reached skill level 5 in Maces & Flails
  2156 | Sewer    | Reached XP level 7. HP: 8/43 MP: 7/7
  2900 | D:3      | Noticed Ijyb
  2913 | D:3      | Killed Ijyb
  3052 | D:3      | Noticed WaffleInsanity's ghost (amateur MfSk)
  3073 | D:3      | Killed WaffleInsanity's ghost
  3073 | D:3      | Reached skill level 5 in Armour
  3453 | D:4      | Reached XP level 8. HP: 45/48 MP: 8/8
  3551 | D:4      | Reached skill level 6 in Maces & Flails
  3758 | D:4      | Reached skill level 5 in Fighting
  3896 | D:4      | Found a deep blue altar of Sif Muna.
  3896 | D:4      | Found a shattered altar of Ashenzari.
  3970 | D:4      | Found a white marble altar of Elyvilon.
  3998 | D:4      | Found a shimmering altar of Xom.
  4158 | D:5      | Entered Level 5 of the Dungeon
  4345 | D:5      | Noticed Blork the orc
  4387 | D:5      | Killed Blork the orc
  4584 | D:5      | Reached skill level 7 in Maces & Flails
  4805 | D:5      | Reached XP level 9. HP: 48/55 MP: 9/9
  4994 | D:5      | Noticed a two-headed ogre
  5038 | D:5      | Killed a two-headed ogre
  5038 | D:5      | Reached skill level 8 in Maces & Flails
  5122 | D:5      | Gained mutation: You are robust. (+10% HP) [potion of mutation]
  5122 | D:5      | Gained mutation: You are partially covered in thin metallic scales. (AC +2) [potion of mutation]
  5463 | D:5      | Reached skill level 9 in Maces & Flails
  5595 | D:6      | Noticed Pikel
  5614 | D:6      | Killed Pikel
  5614 | D:6      | Reached skill level 1 in Stealth
  5728 | D:6      | Reached XP level 10. HP: 69/69 MP: 10/10
  5824 | D:6      | Found a staircase to the Ecumenical Temple.
  5829 | Temple   | Entered the Ecumenical Temple
  6049 | Temple   | Became a worshipper of Qazlal Stormbringer
  6766 | D:7      | Found a sand-covered staircase.
  6771 | Ossuary  | Entered an ossuary
  7017 | D:7      | Noticed Menkaure
  7030 | D:7      | Killed Menkaure
  7095 | D:7      | Found a runed door.
  7247 | D:7      | Found an ancient bone altar of Kikubaaqudgha.
  7247 | D:7      | Found a burning altar of Makhleb.
  7591 | D:7      | Noticed Crazy Yiuf
  7597 | D:7      | Killed Crazy Yiuf
  7709 | D:8      | Noticed a two-headed ogre
  7730 | D:8      | Killed a two-headed ogre
  7730 | D:8      | Reached skill level 10 in Maces & Flails
  7801 | D:8      | Found a staircase to the Lair.
  7801 | D:8      | Noticed an elephant
  7823 | D:8      | Killed an elephant
  8144 | D:8      | Reached * piety under Qazlal
  8441 | D:9      | Reached skill level 1 in Shields
  8476 | D:9      | Noticed Erolcha
  8500 | D:9      | Paralysed by Erolcha for 3 turns
  8512 | D:9      | Paralysed by Erolcha for 4 turns
  8518 | D:9      | Killed Erolcha
  8518 | D:9      | Reached XP level 11. HP: 32/78 MP: 11/11
  9395 | D:9      | Reached skill level 11 in Maces & Flails
  9700 | D:10     | Entered Level 10 of the Dungeon
  9825 | D:10     | Found Ceibe's Armour Boutique.
  9883 | D:10     | Reached skill level 10 in Armour
 10141 | D:10     | Reached ** piety under Qazlal
 10155 | D:10     | Found a staircase to the Orcish Mines.
 10159 | D:10     | Found Lohyin's Weapon Boutique.
 10243 | D:10     | Got a spiked buckler
 10254 | D:10     | Identified the +0 buckler of Defence {Str+2 Int+2} (You found it on level 10 of the Dungeon)
 10423 | Orc:1    | Entered Level 1 of the Orcish Mines
 10596 | Orc:2    | Entered Level 2 of the Orcish Mines
 10596 | Orc:2    | Noticed an orc sorcerer
 10606 | Orc:2    | Killed an orc sorcerer
 10691 | Orc:2    | Noticed a two-headed ogre
 10717 | Orc:2    | Killed a two-headed ogre
 10728 | Orc:2    | Found a roughly hewn altar of Beogh.
 11408 | Orc:2    | Found Lir Nutoo's Weapon Boutique.
 11436 | Orc:2    | Found a staircase to the Elven Halls.
 11542 | Orc:2    | Noticed an orc sorcerer
 11542 | Orc:2    | Noticed an orc sorcerer
 11545 | Orc:2    | Noticed an orc sorcerer
 11598 | Orc:2    | Noticed a soul eater
 11616 | Orc:2    | Noticed a sun demon
 11617 | Orc:2    | Noticed a sixfirhy
 11621 | Orc:2    | Noticed an orc sorcerer
 11627 | Orc:2    | Killed an orc sorcerer
 11628 | Orc:2    | Slain by a sun demon

Skill      XL: |  1  2  3  4  5  6  7  8  9 10 11 |
---------------+----------------------------------+-----
Armour         | 1 3 4 5 7 8 9 10 | 10.7
Fighting       | 3 4 6 7 9 |  9.9
Maces & Flails | 4 5 7 9 10 11 | 11.8
Dodging        | 3 4 |  4.2
Stealth        | 1 |  1.0
Shields        | 2 4 |  4.5
Throwing       | |  1.7

Action                   |  1- 3 |  4- 6 |  7- 9 | 10-12 || total
-------------------------+-------+-------+-------+-------++-------
Melee: Flail             |   112 |   184 |   445 |       ||   741
       Morningstar       |       |       |    78 |   605 ||   683
Throw: Throwing net      |       |       |     1 |       ||     1
  Use: Potion            |       |     2 |     8 |     6 ||    16
       Scroll            |       |     1 |    16 |    10 ||    27
 Stab: Held in net/web   |       |       |     1 |       ||     1
  Eat: Bread ration      |       |     1 |     1 |     4 ||     6
       Chunk             |       |       |     3 |     5 ||     8
       Meat ration       |       |       |     1 |     1 ||     2
       Fruit             |       |       |       |     2 ||     2
Armor: Leather armour    |     4 |       |       |       ||     4
       Scale mail        |    89 |   194 |    49 |       ||   332
       Chain mail        |       |       |   359 |   261 ||   620
       Plate armour      |       |       |       |   191 ||   191
Dodge: Dodged            |   119 |   172 |   272 |   298 ||   861
Block: Buckler           |       |       |       |   256 ||   256
       Other             |       |       |       |     5 ||     5
       Reflection        |       |       |       |     2 ||     2
